Map: Rhoskallian LE

Players

Myhrt

  • Race: Zerg Zerg
  • League: Platinum
  • Spawn Location: 12:00

Diego

  • Race: Terran Terran
  • League: Diamond
  • Spawn Location: 11:00

qqq

  • Race: Zerg Zerg
  • League: Platinum
  • Spawn Location: 5:00

Massa

  • Race: Terran Terran
  • League: Platinum
  • Spawn Location: 6:00

VOD

Have the link to the VOD?

Description

Time

  • Played on: Sept. 26, 2020, 8:40 a.m.
  • Length: 5:04
Show
View Real Time Build Order
Export as new Build Order

Myhrt Zerg 

Build Orders: Hatch First 

Get SALT Encoding   

  12  0:04  Drone  
  13  0:12  Overlord  
  13  0:17  Drone  
  14  0:31  Drone x2  
  16  0:36  Drone  
  17  0:56  Drone  
  18  0:58  Hatchery  
  18  1:03  Drone  
  18  1:08  Extractor, Drone  
  18  1:23  Drone, Spawning Pool  
  18  1:31  Drone  
  19  1:41  Drone  
  20  1:51  Overlord  
  20  2:07  Drone  
  21  2:09  Queen  
  21  2:10  Queen  
  21  2:11  Drone  
  26  2:19  Metabolic Boost  
  26  2:25  Drone x2  
  26  2:29  Drone  
  29  2:34  Drone  
  30  2:39  Drone, Baneling Nest  
  30  2:43  Drone  
  31  2:48  Drone  
  32  2:54  Drone  
  33  3:03  Drone  
  33  3:04  Overlord  
  34  3:07  Drone  
  35  3:25  Zergling x2  
  35  3:26  Zergling x2  
  37  3:32  Lair  
  37  3:34  Extractor, Zergling x2  
  37  3:35  Zergling x10  
  42  3:43  Spore Crawler  
  41  3:54  Drone x2  
  41  3:55  Drone  
  44  4:05  Overlord x2  
  44  4:15  Baneling x4  
  44  4:18  Overlord  
  44  4:23  Queen  
  46  4:25  Drone x6  
  46  4:31  Hatchery  
Show
View Real Time Build Order
Export as new Build Order

Diego Terran 

Build Orders:  

Get SALT Encoding   

  12  0:00  SCV  
  13  0:12  SCV  
  14  0:19  Supply Depot  
  14  0:24  SCV  
  15  0:35  Refinery  
  15  0:40  SCV  
  16  0:48  Barracks  
  16  0:53  SCV  
  17  1:04  Barracks  
  17  1:08  SCV  
  18  1:21  Barracks  
  18  1:30  Refinery  
  18  1:38  Supply Depot  
  18  1:42  Reaper  
  19  1:51  Reaper  
  20  2:00  SCV  
  21  2:06  Supply Depot  
  21  2:11  Reaper  
  21  2:14  Reaper  
  23  2:23  Reaper  
  24  2:43  Reaper  
  25  2:44  Orbital Command  
  25  2:46  Reaper  
  26  2:55  Reaper  
  27  3:15  Reaper  
  27  3:18  Reaper  
  28  3:38  Reaper  
  29  3:47  Reaper  
  30  3:51  Reaper  
  30  4:10  Reaper  
  30  4:26  Reaper x2  
Show
View Real Time Build Order
Export as new Build Order

qqq Zerg 

Build Orders: Hatch First 

Get SALT Encoding   

  12  0:01  Drone  
  13  0:09  Drone  
  14  0:54  Hatchery, Spawning Pool  
  12  1:03  Extractor, Overlord  
  11  1:07  Drone  
  12  1:14  Drone  
  13  1:29  Drone x2  
  15  1:36  Drone  
  16  1:48  Drone  
  16  1:49  Queen  
  19  1:58  Drone  
  20  2:06  Drone  
  21  2:08  Queen  
  21  2:12  Drone  
  24  2:17  Drone  
  24  2:22  Metabolic Boost  
  25  2:32  Drone  
  25  2:34  Zergling x4  
  28  2:41  Overlord  
  28  2:47  Baneling Nest  
  28  2:51  Drone  
  28  2:54  Overlord  
  28  3:00  Drone  
  28  3:01  Zergling x2  
  28  3:03  Zergling x2  
  31  3:06  Drone  
  31  3:10  Drone  
  33  3:22  Zergling x4  
  33  3:23  Drone x3  
  38  3:32  Zergling x2  
  38  3:33  Zergling x4  
  40  3:40  Zergling x2  
  41  3:42  Drone  
  39  3:50  Zergling x2  
  39  3:51  Zergling x2  
  36  4:10  Zergling x4  
  36  4:11  Drone x2  
  36  4:12  Baneling  
  40  4:18  Baneling x2  
  40  4:19  Spine Crawler  
  39  4:24  Zergling x2  
  39  4:25  Drone  
Show
View Real Time Build Order
Export as new Build Order

Massa Terran 

Build Orders: Reaper Expand 

Get SALT Encoding   

  12  0:00  SCV  
  13  0:12  SCV  
  14  0:23  Supply Depot  
  14  0:24  SCV  
  15  0:45  SCV  
  15  0:47  Barracks  
  16  0:57  SCV  
  16  0:59  Refinery  
  17  1:09  SCV  
  18  1:21  SCV  
  19  1:34  Orbital Command  
  19  1:42  Reaper  
  19  1:45  Command Center  
  20  2:00  SCV  
  21  2:12  SCV  
  21  2:14  Marine  
  23  2:18  Supply Depot  
  23  2:20  Factory  
  23  2:40  SCV  
  24  2:44  Command Center  
  24  2:49  Barracks Reactor  
  24  2:52  SCV  
  24  2:57  Orbital Command  
  25  3:04  SCV  
  26  3:16  SCV  
  25  3:25  Marine  
  25  3:26  Marine  
  23  3:28  Hellion  
  24  3:37  SCV  
  24  3:38  SCV  
  26  3:43  Marine  
  27  3:49  Hellion  
  27  3:58  Orbital Command  
  27  4:00  Marine  
  27  4:01  Marine  
  26  4:18  Marine  
  26  4:19  Marine  
  26  4:28  Hellion  
  23  4:33  SCV x3  
  23  4:36  Marine  
  23  4:37  Marine  
  20  4:45  SCV  
  12  4:46  SCV x2  
Tags
 
Add a new tag
Caveats
  • Supply blocks, unpowered buildings, or Contaminate may cause inaccurate times.
  • Supply counts are checked every 10 seconds.